 Dungeon Crawl Stone Soup version 0.28-a0-224-g76b539d98b (webtiles) character file.

Game seed: 10982252586720899507

17 Arne the Gusty (level 2, 0/15 HPs)
             Began as a Tengu Air Elementalist on Aug 21, 2021.
             Slain by a gnoll (2 damage)
             ... on level 1 of the Dungeon.
             The game lasted 00:06:11 (815 turns).

Arne the Gusty (Tengu Air Elementalist)              Turns: 815, Time: 00:06:11

Health: 0/15       AC:  3    Str:  8    XL:     2   Next: 62%
Magic:  3/6        EV: 12    Int: 15    God:
Gold:   63         SH:  0    Dex: 14    Spells: 4/5 levels left

rFire   . . .      SeeInvis .   f - +2 short sword (holy)
rCold   . . .      Faith    .   (no shield)
rNeg    . . .      Spirit   .   a - +0 robe
rPois   .          Reflect  .   (helmet restricted)
rElec   .          Harm     .   e - +0 cloak
rCorr   .          Rampage  .   (no gloves)
Will    .....                   (boots unavailable)
Stlth   ++........              (no amulet)
HPRegen 0.05/turn               (no ring)
MPRegen 0.10/turn               (no ring)

@: very slightly contaminated
A: beak, talons 3
a: no special abilities


You were on level 1 of the Dungeon.
You visited 1 branch of the dungeon, and saw 2 of its levels.

You collected 63 gold pieces.

Inventory:

Hand Weapons
 b - a +0 short sword
 f - a +2 short sword of holy wrath (weapon)
Armour
 a - a +0 robe (worn)
 e - a +0 cloak (worn)
Scrolls
 c - 2 scrolls of identify {unknown}
Potions
 d - 2 potions of curing {unknown}
 g - a potion of cancellation {unknown}
 h - a potion of resistance {unknown}


   Skills:
 * Level 0.2 Fighting
 * Level 2.4 Dodging
 + Level 2.2 Stealth
 + Level 2.0 Spellcasting
 + Level 1.3 Conjurations
 + Level 4.6 Air Magic


You had 4 spell levels left.
You knew the following spells:

 Your Spells              Type           Power      Damage    Failure   Level
a - Shock                 Conj/Air       40%        1d5       6%          1

Your spell library contained the following spells:

 Spells                   Type           Power      Damage    Failure   Level
 Static Discharge         Conj/Air       10%        N/A       10%         2
 Swiftness                Air            15%        N/A       10%         3
 Airstrike                Air            7%         N/A       32%         4


Dungeon Overview and Level Annotations

Branches:
Dungeon (2/15)

Altars:

Shops:
D:1 !


Innate Abilities, Weirdness & Mutations

You have a beak for a mouth.
You have claws for feet.


Message History

The zap hits the gnoll.
The gnoll is moderately wounded.
You barely miss the gnoll.
The gnoll is moderately wounded.
The gnoll misses you. The gnoll hits you with a +0 whip.
You hit the gnoll. Your kick misses the gnoll.
The gnoll is moderately wounded.
The gnoll hits you with a +0 whip.
* * * LOW HITPOINT WARNING * * *
There is a stone staircase leading up here.
You climb upwards.
There is a stone staircase leading down here.
You closely miss the gnoll.
The gnoll is moderately wounded.
The gnoll hits you with a +0 whip.
* * * LOW HITPOINT WARNING * * *
Casting: Shock (safe; 6% risk of failure)
Confirm with . or Enter, or press ? or * to list all spells.
Aiming: Shock (safe; 6% risk of failure)
Press: ? - help, Shift-Dir - straight line The zap misses the gnoll.
The zap hits the gnoll.
The gnoll is heavily wounded.
Unknown command.
Casting: Shock (safe; 6% risk of failure)
Confirm with . or Enter, or press ? or * to list all spells.
Aiming: Shock (safe; 6% risk of failure)
Press: ? - help, Shift-Dir - straight line The zap misses the gnoll.
The zap hits the gnoll.
The gnoll is heavily wounded.
The gnoll completely misses you.
Unknown command.
Unknown command.
Casting: Shock (safe; 6% risk of failure)
Confirm with . or Enter, or press ? or * to list all spells.
Aiming: Shock (safe; 6% risk of failure)
Press: ? - help, Shift-Dir - straight line You miscast Shock.
You are very lightly contaminated with residual magic.
Nothing appears to happen.
The gnoll hits you with a +0 whip.
You die...

#.# #.# ##.## #.# #.#####
####.# #.# #.# #.## #.....#
.....# #.# #.# ##..###..#..###
####.# #.# #.# #.............#
#.# #.#####.###.#.♣♣♣♣...♣♣.#
#.# #.#.......#.#.♣♣♣♣♣♣♣♣♣.##
#.# #.#.#####.#.#.♣♣._♣♣♣ ♣).#
#.###.#.# #g#.#.♣.♣...♣ ♣♣.#
#.##....# #@#.#.♣♣♣♣.♣♣ ♣♣♣.
#.....#.# #.#.#♣♣♣♣..♣♣♣♣..#
##.#..#.#####.#...♣♣.♣♣♣.♣♣♣♣.
#.###.#.......#.#.♣♣♣...♣.♣♣♣.
##.#.#####.#.##.#..♣♣♣♣♣♣..♣..
##.....##.#.##.#...♣..♣.♣..#.
#................♣.......##.
#.............##......##..†.
#......#.......###.#####.###


You could see a gnoll.

Vanquished Creatures
  5 endoplasms (D:1)
  A giant cockroach (D:1)
  A goblin (D:1)
  A ball python (D:1)
  3 bats (D:1)
  2 frilled lizards (D:1)
  A kobold (D:1)
  3 rats (D:1)
17 creatures vanquished.

Notes
Turn   | Place    | Note
-------+----------+-------------------------------------------
     0 | D:1      | Arne the Tengu Air Elementalist began the quest for the
                  | Orb.
     0 | D:1      | Reached XP level 1. HP: 10/10 MP: 4/4
   211 | D:1      | Found Sagyetu's Distillery.
   296 | D:1      | Reached XP level 2. HP: 11/15 MP: 4/6
   631 | D:1      | Found a faded altar of an unknown god.
   815 | D:1      | Slain by a gnoll

Illustrated notes

Levels and vault maps discovered:
D:1:      tarquinn_simple_flora_water_b, layout_loops_ring,
          chequers_ecumenical_altar_grove, serial_shops, nicolae_square_shop,
          minmay_domino_4
D:2:      minmay_diamond_boxcup, layout_loops_ring, basic_altar,
          minmay_joined_circles, uniq_natasha, uniq_crazy_yiuf_cottage

Action                   || total
-------------------------++-------
Melee: Short sword       ||    31
       Kick              ||     6
       Peck              ||     2
 Cast: Shock             ||     8
 Stab: Sleeping          ||     4
Armor: Robe              ||     4
Dodge: Dodged            ||    11

Table legend: (Time is in decaauts)
 A = Elapsed time spent in this place.
 B = Non-inter-level travel time spent in this place.
 C = Inter-level travel time spent in this place.
 D = Time resting spent in this place.
 E = Time spent auto-exploring this place.
 F = Levels seen in this place.
 G = Mean time per level.
                   A        B        C        D        E       F      G
               +--------+--------+--------+--------+--------+-----+--------+
         Total |    817 |    817 |      0 |      0 |     98 |   2 |  408.5 |
       Dungeon |    817 |    817 |      0 |      0 |     98 |   2 |  408.5 |
               +--------+--------+--------+--------+--------+-----+--------+

Top non-repeatable levels by time:
     D:1: 809 daAuts
     D:2: 8 daAuts
